[Event "28th WSCC Open 65 2018"]
[Site "Bled"]
[Date "2018.11.26"]
[Round "8"]
[White "Srebrnic, Vojko"]
[Black "Buchal, Stephan"]
[Result "0-1"]
[ECO "A01"]
[WhiteElo "2140"]
[BlackElo "2288"]
[Annotator "NA"]
[PlyCount "70"]
[EventDate "2018.11.17"]
[EventType "swiss"]
[EventCountry "SLO"]
[SourceTitle "playchess.com"]
[Source "ChessBase"]
[SourceQuality "1"]
[TimeControl "40/5400+30:1800+30"]

1. b3 e5 2. Bb2 d6 3. e4 Nf6 4. Nc3 c5 5. Bb5+ {LiveBook: 5 Games} Nbd7 6. a4 g6 7. Nf3 Bg7 8. d3 O-O 9. Bc4 Nb6 10. Nd2 Bg4 11. f3 Nxc4 $16 12. Nxc4 Be6 13. Ne2 Qc7 14. O-O Nh5 15. g4 Nf6 16. Ng3 Nd7 17. Qe2 Rae8 18. Ne3 Nb8 19. c4 Nc6 20. Bc3 Nd4 21. Bxd4 cxd4 22. Ng2 Bh6 23. Kh1 Qe7 24. f4 exf4 25. Nxf4 Qh4 26. Nxe6 fxe6 27. Rxf8+ Rxf8 28. Rf1 Rxf1+ 29. Nxf1 Qh3 30. Kg1 Bf4 31. Kh1 a5 32. Kg1 e5 33. Qd1 Kg7 34. Qe2 Kh6 35. Nd2 Qe3+ 0-1

[Event "28th WSCC Open 65 2018"]
[Site "Bled"]
[Date "2018.11.27"]
[Round "9"]
[White "Vaisser, Anatoli"]
[Black "Shevelev, Arkady"]
[Result "1/2-1/2"]
[ECO "A46"]
[WhiteElo "2504"]
[BlackElo "2278"]
[Annotator "RC"]
[PlyCount "60"]
[EventDate "2018.11.17"]
[EventType "swiss"]
[EventCountry "SLO"]
[SourceTitle "playchess.com"]
[Source "ChessBase"]
[SourceQuality "1"]
[TimeControl "40/5400+30:1800+30"]

1. d4 Nf6 2. Nf3 d5 3. c4 c5 4. dxc5 e6 5. e3 Bxc5 6. a3 Be7 7. cxd5 Qxd5 8. Bd3 Nc6 9. Nc3 Qh5 10. b4 Ne5 11. Nxe5 Qxe5 12. Bb2 O-O 13. Qc2 Qc7 14. g4 Qc6 15. Rg1 g6 16. g5 Nd5 17. Nxd5 exd5 18. Qd2 Rd8 19. h4 Qe6 20. Bc2 d4 21. Bxd4 Bf8 22. Qe2 Bd7 23. Bd3 Rac8 24. h5 Bc6 25. hxg6 hxg6 26. Bc4 Qf5 27. Qg4 Qc2 28. Qe2 Qf5 29. Qg4 Qc2 30. Qe2 Qf5 1/2-1/2

[Event "28th WSCC Open 65 2018"]
[Site "Bled"]
[Date "2018.11.27"]
[Round "9"]
[White "Berkovich, Mark A"]
[Black "Boehnisch, Manfred"]
[Result "1/2-1/2"]
[ECO "A06"]
[WhiteElo "2339"]
[BlackElo "2261"]
[Annotator "RC"]
[PlyCount "98"]
[EventDate "2018.11.17"]
[EventType "swiss"]
[EventCountry "SLO"]
[SourceTitle "playchess.com"]
[Source "ChessBase"]
[SourceQuality "1"]
[TimeControl "40/5400+30:1800+30"]

1. Nf3 d5 2. g3 c6 3. Bg2 Bf5 4. c4 e6 5. O-O Nd7 6. d3 Ngf6 7. Nc3 Bc5 8. cxd5 exd5 9. e4 dxe4 10. dxe4 Be6 11. e5 Nd5 12. Ne4 Qb6 13. Nfg5 O-O-O 14. Nxe6 fxe6 15. Qg4 Bd4 16. Qxe6 Bxe5 17. Bg5 Rde8 18. Nd6+ Bxd6 19. Qxd6 h6 20. Bxd5 hxg5 21. Be6 Qc7 22. Rad1 Rd8 23. Rfe1 Qxd6 24. Rxd6 Kc7 25. Rxd7+ Rxd7 26. Bxd7 Kxd7 27. Re5 Re8 28. Rxg5 Re7 29. Kg2 Kd6 30. h4 c5 31. h5 b5 32. g4 a5 33. Kf3 a4 34. Kf4 b4 35. f3 a3 36. bxa3 bxa3 37. Rg6+ Kd5 38. Ra6 Kd4 39. Rxa3 c4 40. Ra8 Rf7+ 41. Kg5 Rc7 42. Re8 c3 43. Re1 c2 44. Rc1 Ke3 45. h6 gxh6+ 46. Kxh6 Kd2 47. Rxc2+ Rxc2 48. g5 Ke3 49. g6 Rxa2 1/2-1/2

[Event "28th WSCC Open 65 2018"]
[Site "Bled"]
[Date "2018.11.27"]
[Round "9"]
[White "Shirazi, Kamran"]
[Black "Nukin, Tolegen"]
[Result "1-0"]
[ECO "B21"]
[WhiteElo "2333"]
[BlackElo "2171"]
[Annotator "NA"]
[PlyCount "79"]
[EventDate "2018.11.17"]
[EventType "swiss"]
[EventCountry "SLO"]
[SourceTitle "playchess.com"]
[Source "ChessBase"]
[SourceQuality "1"]
[TimeControl "40/5400+30:1800+30"]

1. e4 c5 2. d4 cxd4 3. c3 d5 4. exd5 Qxd5 5. cxd4 Nc6 6. Nf3 e6 7. Nc3 Qd8 8. Bc4 Nf6 9. O-O Be7 10. a3 O-O 11. Qd3 a6 12. Re1 b5 13. Ba2 Bb7 14. Bb1 g6 15. h4 Qd6 16. h5 b4 17. hxg6 hxg6 18. Ne4 Nxe4 19. Rxe4 Bf6 20. Rf4 Kg7 21. Bd2 bxa3 22. Rxa3 Ne7 23. Ne5 Rh8 24. Rb3 Qd5 25. Nf3 Qh5 26. Kf1 Bd5 27. Rxf6 Qh1+ 28. Ke2 Kxf6 29. Rc3 Kg7 30. Rc7 Rac8 31. Rxe7 Bc4 32. Rxf7+ Kxf7 33. Ne5+ Ke7 34. Bg5+ Kd6 35. Nxc4+ Rxc4 36. Bf4+ Ke7 37. Qxc4 Qxb1 38. Qc7+ Kf6 39. Qe5+ Kf7 40. Qxh8 {[%emt 0:00:00] Kg8} 1-0

[Event "28th WSCC Open 65 2018"]
[Site "Bled"]
[Date "2018.11.27"]
[Round "9"]
[White "Pushkov, Nikolai"]
[Black "Wahlbom, Magnus"]
[Result "0-1"]
[ECO "E92"]
[WhiteElo "2324"]
[BlackElo "2173"]
[Annotator "NA"]
[PlyCount "58"]
[EventDate "2018.11.17"]
[EventType "swiss"]
[EventCountry "SLO"]
[SourceTitle "playchess.com"]
[Source "ChessBase"]
[SourceQuality "1"]
[TimeControl "40/5400+30:1800+30"]

1. Nf3 Nf6 2. c4 g6 3. Nc3 Bg7 4. e4 d6 5. d4 O-O 6. Be2 e5 7. d5 a5 8. Be3 Ng4 9. Bg5 f6 10. Bh4 Nh6 11. Nd2 Na6 12. a3 g5 13. Bg3 Bd7 14. O-O Qe8 15. b3 g4 16. Rb1 f5 17. exf5 Bxf5 18. Nde4 Qg6 19. Bd3 Nc5 20. Nxc5 dxc5 21. Bxf5 Nxf5 22. Nb5 Rf7 23. Qe2 h5 24. Rbe1 h4 25. Bxe5 Re8 26. Qb2 Rfe7 27. Bxg7 Rxe1 28. Bc3 Rxf1+ 29. Kxf1 Nd4 0-1

[Event "28th WSCC Open 65 2018"]
[Site "Bled"]
[Date "2018.11.27"]
[Round "9"]
[White "Werner, Clemens"]
[Black "Lisenko, Alexander V"]
[Result "1-0"]
[ECO "B30"]
[WhiteElo "2266"]
[BlackElo "2334"]
[Annotator "RC"]
[PlyCount "123"]
[EventDate "2018.11.17"]
[EventType "swiss"]
[EventCountry "SLO"]
[SourceTitle "playchess.com"]
[Source "ChessBase"]
[SourceQuality "1"]
[TimeControl "40/5400+30:1800+30"]

1. e4 c5 2. Nf3 Nc6 3. c3 d5 4. exd5 Qxd5 5. d4 e6 6. Na3 a6 7. Nc4 Qd8 8. Bg5 f6 9. Be3 b5 10. Ncd2 cxd4 11. Nxd4 Nxd4 12. cxd4 Bb7 13. a4 Qd5 14. axb5 axb5 15. Rxa8+ Bxa8 16. Qb3 Qxb3 17. Nxb3 Kf7 18. f3 Bd5 19. Nd2 b4 20. Bd3 Bd6 21. Kf2 Ne7 22. Ne4 Bb8 23. Ng3 Bb7 24. Ra1 Rd8 25. Ne2 Nd5 26. g3 Rc8 27. Bd2 f5 28. Nc1 Kf6 29. f4 h6 30. h4 Bd6 31. Ra7 Bc6 32. Nb3 Ra8 33. Rxa8 Bxa8 34. Nc5 Ke7 35. Bc4 Nf6 36. Bxb4 Nd5 37. Bxd5 Bxd5 38. Nd3 Bxb4 39. Nxb4 Be4 40. Ke3 Kf6 41. Nd3 g5 42. Ne5 gxh4 43. gxh4 Ke7 44. Kd2 Kd6 45. Kc3 Bg2 46. Nc4+ Kc6 47. Ne3 Be4 48. Kb4 Kb6 49. Kc4 Kc6 50. Nd1 Bg2 51. Nc3 Bf1+ 52. Kb4 Kb6 53. d5 exd5 54. Nxd5+ Kc6 55. Ne7+ Kd6 56. Nxf5+ Ke6 57. Ng3 Ba6 58. Kc5 Bb7 59. b4 Ba8 60. b5 Bf3 61. Kb6 Bd5 62. Kc7 1-0

[Event "28th WSCC Open 65 2018"]
[Site "Bled"]
[Date "2018.11.27"]
[Round "9"]
[White "Herbrechtsmeier, Christof"]
[Black "Renman, Nils-Gustaf"]
[Result "0-1"]
[ECO "C12"]
[WhiteElo "2247"]
[BlackElo "2351"]
[Annotator "NA"]
[PlyCount "64"]
[EventDate "2018.11.17"]
[EventType "swiss"]
[EventCountry "SLO"]
[SourceTitle "playchess.com"]
[Source "ChessBase"]
[SourceQuality "1"]
[TimeControl "40/5400+30:1800+30"]

1. e4 e6 2. d4 d5 3. Nc3 Nf6 4. Bg5 Bb4 5. e5 h6 6. Bd2 Bxc3 7. bxc3 Ne4 8. Bd3 Nxd2 9. Qxd2 c5 10. f4 Qa5 11. Nf3 Nc6 12. h4 {[%emt 0:02:26] C12: French: Classical System: McCutcheon Variation} h5 13. c4 $146 ({Predecessor:} 13. Rb1 c4 14. Be2 Qxa2 15. Kf2 Qa3 16. Rbg1 Bd7 17. g4 hxg4 18. Rxg4 Qf8 19. Rhg1 g6 {½-½ (50) Degraeve,J (2525)-Rajlich,I (2420) Cappelle-la-Grande 1998}) 13... dxc4 14. Be4 Bd7 15. Bxc6 Qxd2+ 16. Nxd2 Bxc6 17. Nxc4 Ke7 18. Nd6 cxd4 19. O-O f6 20. Rfd1 Rh6 21. Kh2 Rg6 22. g3 Rg4 23. Rf1 Rf8 24. Rae1 b6 25. Ne4 Rc8 26. Nd6 Rc7 27. Rf2 Ba4 28. Ree2 Rc3 29. Ne4 Ra3 30. f5 fxe5 31. fxe6 $2 (31. Ng5 Raxg3 32. Rxe5) 31... Kxe6 32. c3 $19 (32. Ng5+ $142 Kd5 33. Rf5) 32... Rxc3 0-1

[Event "28th WSCC Open 65 2018"]
[Site "Bled"]
[Date "2018.11.27"]
[Round "9"]
[White "Kierzek, Matthias"]
[Black "Kiefer, Gerhard"]
[Result "0-1"]
[ECO "E73"]
[WhiteElo "2182"]
[BlackElo "2306"]
[Annotator "ChessBase"]
[PlyCount "80"]
[EventDate "2018.11.17"]
[EventType "swiss"]
[EventCountry "SLO"]
[SourceTitle "playchess.com"]
[Source "ChessBase"]
[SourceQuality "1"]
[TimeControl "40/5400+30:1800+30"]

1. d4 Nf6 2. c4 g6 3. Nc3 Bg7 4. e4 d6 5. Be2 O-O 6. Bg5 c5 7. d5 e6 8. Nf3 exd5 9. cxd5 a6 10. a4 h6 11. Bh4 g5 12. Bg3 Nh5 13. Nd2 Nxg3 14. hxg3 Nd7 15. Nc4 Qf6 16. O-O Ne5 17. Ne3 Re8 18. Qc2 Bd7 19. Nf5 Bxf5 20. exf5 g4 21. Rfc1 Rad8 22. a5 h5 23. Ra3 Bh6 24. Rd1 h4 25. gxh4 Qxh4 26. Ne4 Kg7 27. f6+ Kh8 28. Rb3 Rg8 29. Ng3 Bf4 30. Qf5 Bxg3 31. fxg3 Qh6 32. Qf4 Qh5 33. Rxb7 Rg5 34. Bd3 Nxd3 35. Rxd3 Rf5 36. Qe3 Re5 37. Qf4 Re1+ 38. Kf2 Qh1 39. Qh6+ Qxh6 40. Kxe1 Qxf6 0-1

[Event "28th WSCC Open 65 2018"]
[Site "Bled"]
[Date "2018.11.28"]
[Round "10"]
[White "Tunik, Gennady"]
[Black "Frick, Christoph"]
[Result "1-0"]
[ECO "D17"]
[WhiteElo "2365"]
[BlackElo "2186"]
[Annotator "RC"]
[PlyCount "79"]
[EventDate "2018.11.17"]
[EventType "swiss"]
[EventCountry "SLO"]
[SourceTitle "playchess.com"]
[Source "ChessBase"]
[SourceQuality "1"]
[TimeControl "40/5400+30:1800+30"]

1. d4 d5 2. c4 c6 3. Nf3 Nf6 4. Nc3 dxc4 5. a4 Bf5 6. Ne5 Nbd7 7. Nxc4 Nb6 8. Ne5 Nfd7 9. Nd3 Bxd3 10. Qxd3 a5 11. e4 e6 12. Be2 Bb4 13. O-O O-O 14. Rd1 Qe7 15. Qg3 Kh8 16. Bg5 f6 17. Be3 f5 18. e5 Qf7 19. f4 Rfd8 20. Qf2 Nf8 21. h3 Ng6 22. Kh2 Ne7 23. Qf3 Rd7 24. Bf2 Rad8 25. Na2 Ned5 26. Nc1 Be7 27. Nb3 Nb4 28. Nxa5 Nc2 29. Rac1 Nxd4 30. Rxd4 Rxd4 31. Nxb7 R8d5 32. Bxd4 Rxd4 33. Rxc6 Nd5 34. Rc8+ Bf8 35. Nd6 Qg8 36. Bc4 g5 37. Bxd5 exd5 38. Qh5 gxf4 39. Nf7+ Kg7 40. Qh6+ 1-0

[Event "28th WSCC Open 65 2018"]
[Site "Bled"]
[Date "2018.11.28"]
[Round "10"]
[White "Renman, Nils-Gustaf"]
[Black "Werner, Clemens"]
[Result "1/2-1/2"]
[ECO "E92"]
[WhiteElo "2351"]
[BlackElo "2266"]
[Annotator "NA RC"]
[PlyCount "47"]
[EventDate "2018.11.17"]
[EventType "swiss"]
[EventCountry "SLO"]
[SourceTitle "playchess.com"]
[Source "ChessBase"]
[SourceQuality "1"]
[TimeControl "40/5400+30:1800+30"]

1. d4 Nf6 2. Nf3 g6 3. c4 Bg7 4. Nc3 O-O 5. e4 d6 6. Be2 e5 7. Be3 exd4 8. Nxd4 Re8 9. f3 c6 10. Bf2 d5 11. exd5 cxd5 12. O-O Nc6 13. c5 Nh5 14. Qd2 Be5 15. g3 Ng7 16. Rfe1 Ne6 17. Nxe6 Bxe6 18. f4 {LiveBook: 4 Games} Bxc3 19. bxc3 Qd7 20. Bf3 h5 21. Rad1 Bg4 22. Bxg4 Rxe1+ $11 23. Rxe1 hxg4 24. Rd1 1/2-1/2

[Event "28th WSCC Open 65 2018"]
[Site "Bled"]
[Date "2018.11.28"]
[Round "10"]
[White "Lisenko, Alexander V"]
[Black "Privara, Igor"]
[Result "0-1"]
[ECO "D34"]
[WhiteElo "2334"]
[BlackElo "2207"]
[Annotator "RC"]
[PlyCount "72"]
[EventDate "2018.11.17"]
[EventType "swiss"]
[EventCountry "SLO"]
[SourceTitle "playchess.com"]
[Source "ChessBase"]
[SourceQuality "1"]
[TimeControl "40/5400+30:1800+30"]

1. c4 e6 2. Nf3 d5 3. g3 c5 4. cxd5 exd5 5. d4 Nc6 6. Bg2 Nf6 7. O-O Be7 8. Nc3 O-O 9. Bf4 c4 10. Ne5 Bf5 11. g4 Nxg4 12. Nxd5 Ngxe5 13. dxe5 Bc5 14. Qc1 Bd4 15. Bg3 Re8 16. Rd1 Bxe5 17. Ne3 Qf6 18. Bxe5 Nxe5 19. Bxb7 Rab8 20. Bg2 Be6 21. Rd2 h5 22. Qc3 h4 23. h3 Qg5 24. Kh1 Ng6 25. Rg1 Qf4 26. Nd1 Red8 27. e3 Qe5 28. Rd4 Rxd4 29. exd4 Qf5 30. Ne3 Qxf2 31. d5 Bd7 32. Nxc4 Nf4 33. Qe5 Re8 34. Qg5 Ne2 35. Rd1 Bxh3 36. Rd2 Qg1# 0-1

[Event "28th WSCC Open 65 2018"]
[Site "Bled"]
[Date "2018.11.28"]
[Round "10"]
[White "Pritchett, Craig W"]
[Black "Lederman, Leon"]
[Result "1/2-1/2"]
[ECO "B92"]
[WhiteElo "2286"]
[BlackElo "2255"]
[Annotator "RC"]
[PlyCount "92"]
[EventDate "2018.11.17"]
[EventType "swiss"]
[EventCountry "SLO"]
[SourceTitle "playchess.com"]
[Source "ChessBase"]
[SourceQuality "1"]
[TimeControl "40/5400+30:1800+30"]

1. e4 c5 2. Nf3 d6 3. d4 cxd4 4. Nxd4 Nf6 5. Nc3 a6 6. Be2 e5 7. Nb3 Be6 8. Be3 Nbd7 9. a4 Rc8 10. f3 Qc7 11. a5 Qc6 12. O-O d5 13. exd5 Nxd5 14. Nxd5 Bxd5 15. c4 Be6 16. Qe1 Be7 17. Qg3 O-O 18. Rfc1 f5 19. f4 Bf6 20. Rc2 Qc7 21. Rf1 Rce8 22. fxe5 Bxe5 23. Bf4 g6 24. Bxe5 Nxe5 25. Kh1 Rf7 26. Qc3 Rfe7 27. Nd4 Bf7 28. h3 Nc6 29. Nxc6 Rxe2 30. Rxe2 Rxe2 31. Nd4 Re5 32. Nf3 Rxa5 33. Rd1 Rc5 34. Qf6 Be8 35. Rd8 Qf7 36. Qd4 Rc7 37. Ng5 Qe7 38. Qd5+ Kh8 39. Qd4+ Kg8 40. Qd5+ Kh8 41. Nf7+ Kg7 42. Nd6 Bf7 43. Nxf7 Qe1+ 44. Kh2 Rxf7 45. Qd4+ Kh6 46. Qf4+ Kg7 1/2-1/2

[Event "28th WSCC Open 65 2018"]
[Site "Bled"]
[Date "2018.11.28"]
[Round "10"]
[White "Van Riemsdijk, Herman C."]
[Black "Vaisser, Anatoli"]
[Result "0-1"]
[ECO "C18"]
[WhiteElo "2270"]
[BlackElo "2504"]
[Annotator "RC"]
[PlyCount "66"]
[EventDate "2018.11.17"]
[EventType "swiss"]
[EventCountry "SLO"]
[SourceTitle "playchess.com"]
[Source "ChessBase"]
[SourceQuality "1"]
[TimeControl "40/5400+30:1800+30"]

1. e4 e6 2. d4 d5 3. Nc3 Bb4 4. e5 c5 5. a3 Ba5 6. Bd2 Nc6 7. Nf3 cxd4 8. Nb5 Bc7 9. Bf4 Nge7 10. Bd3 Ng6 11. Bxg6 hxg6 12. Qd2 a6 13. Nxc7+ Qxc7 14. O-O Qb6 15. b4 Bd7 16. Rab1 f6 17. Bg3 g5 18. Rfd1 Kf7 19. Rb3 g4 20. Nxd4 Nxd4 21. Qxd4 Qxd4 22. Rxd4 Rac8 23. Rxg4 Rxc2 24. h4 f5 25. Rg5 Ba4 26. Rf3 d4 27. h5 Bb5 28. Bf4 d3 29. a4 Bc4 30. g4 d2 31. Bxd2 Rxd2 32. gxf5 Bd5 33. fxe6+ Kxe6 0-1

[Event "28th WSCC Open 65 2018"]
[Site "Bled"]
[Date "2018.11.28"]
[Round "10"]
[White "Stepovoj, Vladimir"]
[Black "Birnboim, Nathan"]
[Result "1-0"]
[ECO "B22"]
[WhiteElo "2261"]
[BlackElo "2376"]
[Annotator "ChessBase"]
[PlyCount "120"]
[EventDate "2018.11.17"]
[EventType "swiss"]
[EventCountry "SLO"]
[SourceTitle "playchess.com"]
[Source "ChessBase"]
[SourceQuality "1"]
[TimeControl "40/5400+30:1800+30"]

1. e4 c5 2. Nf3 Nc6 3. c3 Nf6 4. e5 Nd5 5. Bc4 Nb6 6. Bb3 d5 7. exd6 Qxd6 8. O-O Be6 9. Na3 Bxb3 10. Qxb3 Qd5 11. d4 cxd4 12. Nb5 Rc8 13. Re1 e6 14. Nbxd4 Nxd4 15. Nxd4 Be7 16. Bf4 O-O 17. Rad1 Rfd8 18. Nf3 Qxb3 19. axb3 Nd5 20. Bg3 a6 21. Rd2 Nf6 22. Bh4 Rxd2 23. Nxd2 Rd8 24. Bxf6 Bxf6 25. Nf3 Rd5 26. Kf1 Kf8 27. b4 Ke8 28. Ke2 Kd7 29. Rd1 Kc6 30. Rxd5 Kxd5 31. Kd3 g6 32. Nd2 Bg7 33. Nc4 e5 34. Ne3+ Ke6 35. Kc4 Kd6 36. b5 a5 37. g4 Bh6 38. Nd5 Bg5 39. f3 f5 40. gxf5 gxf5 41. b4 a4 42. Nb6 a3 43. Kb3 Bc1 44. c4 e4 45. c5+ Ke6 46. fxe4 fxe4 47. c6 Bf4 48. h3 e3 49. Na4 b6 50. Nc3 Be5 51. Ne2 Kd5 52. Kxa3 Kc4 53. Ka4 Kd3 54. Ng1 e2 55. Nf3 Bc7 56. Kb3 Ke3 57. Ne1 Kd2 58. Nf3+ Kd1 59. Kc4 e1=Q 60. Nxe1 Bb8 1-0

[Event "28th WSCC Open 65 2018"]
[Site "Bled"]
[Date "2018.11.28"]
[Round "10"]
[White "Giffard, Nicolas"]
[Black "Berkovich, Mark A"]
[Result "1/2-1/2"]
[ECO "E14"]
[WhiteElo "2249"]
[BlackElo "2339"]
[Annotator "NA RC"]
[PlyCount "44"]
[EventDate "2018.11.17"]
[EventType "swiss"]
[EventCountry "SLO"]
[SourceTitle "playchess.com"]
[Source "ChessBase"]
[SourceQuality "1"]
[TimeControl "40/5400+30:1800+30"]

1. d4 Nf6 2. Nf3 b6 3. e3 Bb7 4. Bd3 d5 5. O-O e6 6. b3 Nbd7 7. Bb2 Be7 8. c4 O-O 9. Nc3 Ne4 10. Qc2 Ndf6 {LiveBook: 5 Games} 11. Rfd1 Nxc3 12. Bxc3 Ne4 13. Bb2 f5 14. Ne5 dxc4 15. bxc4 $11 (15. Bxc4 $16 Rf6 16. f3) 15... Qe8 16. f3 Nf6 17. e4 fxe4 18. fxe4 Bd6 19. c5 bxc5 20. dxc5 Bxe5 21. Bxe5 Ng4 22. Bxc7 Ne3 1/2-1/2

[Event "28th WSCC Open 65 2018"]
[Site "Bled"]
[Date "2018.11.29"]
[Round "11"]
[White "Renman, Nils-Gustaf"]
[Black "Stepovoj, Vladimir"]
[Result "1-0"]
[ECO "A43"]
[WhiteElo "2351"]
[BlackElo "2261"]
[Annotator "ChessBase"]
[PlyCount "72"]
[EventDate "2018.11.17"]
[EventType "swiss"]
[EventCountry "SLO"]
[SourceTitle "playchess.com"]
[Source "ChessBase"]
[SourceQuality "1"]
[TimeControl "40/5400+30:1800+30"]

1. d4 Nf6 2. Nf3 c5 3. d5 b5 4. Bg5 Qb6 5. Bxf6 Qxf6 6. c3 Qb6 7. e4 d6 8. Nbd2 Nd7 9. a4 b4 10. Bb5 bxc3 11. bxc3 Qc7 12. Nc4 f6 13. O-O g6 14. Nh4 Bh6 15. f4 O-O 16. Qd3 Nb6 17. e5 f5 18. a5 Nxc4 19. Bxc4 Rb8 20. e6 Bb7 21. g4 fxg4 22. f5 g5 23. f6 gxh4 24. f7+ Kh8 25. a6 Ba8 26. Rf5 Qd8 27. Rh5 Rxf7 28. exf7 Qf8 29. Rxh4 Qg7 30. Rf1 Rf8 31. Qg3 Qg5 32. Rxg4 Qe3+ 33. Rf2 Qxg3+ 34. Rxg3 Bg7 35. Kf1 Bf6 36. Rfg2 Bg7 1-0

[Event "28th WSCC Open 65 2018"]
[Site "Bled"]
[Date "2018.11.29"]
[Round "11"]
[White "Berkovich, Mark A"]
[Black "Srebrnic, Vojko"]
[Result "1/2-1/2"]
[ECO "D79"]
[WhiteElo "2339"]
[BlackElo "2140"]
[Annotator "NA RC"]
[PlyCount "53"]
[EventDate "2018.11.17"]
[EventType "swiss"]
[EventCountry "SLO"]
[SourceTitle "playchess.com"]
[Source "ChessBase"]
[SourceQuality "1"]
[TimeControl "40/5400+30:1800+30"]

1. d4 Nf6 2. Nf3 g6 3. g3 Bg7 4. Bg2 O-O 5. O-O d5 6. c4 c6 7. cxd5 cxd5 8. Nc3 Nc6 9. Ne5 e6 10. Nxc6 bxc6 11. Bf4 Nh5 12. Be3 Nf6 {D79: Fianchetto Grünfeld: Symmetrical Variation (6 0-0 c6 7 cxd5 cxd5)} 13. Qd2 Nd7 $146 ({Predecessor:} 13... Ng4 14. Bf4 e5 15. dxe5 Nxe5 16. b3 Bb7 17. Rac1 Rc8 18. Bh6 Qe7 19. Bxg7 Kxg7 20. Rfd1 Rfd8 21. Na4 Ba8 22. e3 Kg8 23. Qd4 Rd6 24. Qc5 Kf8 25. Rxd5 Rcd8 26. Rxe5 Qd7 27. Rd1 {1-0 (27) Kuhn,A (1785)-Dabringhaus,C (1691) Cologne 2011}) 14. Rac1 Nb6 15. b3 Re8 16. Nd1 Qd6 17. Nb2 a5 18. Nd3 f6 19. Qc3 Bd7 20. a4 g5 21. f4 h6 22. Bf3 Reb8 23. Bh5 Nc8 (23... Rf8 $16 {was necessary.} 24. Bd2 Qe7) 24. Nc5 Ne7 25. Bf2 $16 (25. fxg5 $18 hxg5 26. Bd2) 25... Be8 26. Bg4 f5 27. Bf3 1/2-1/2

[Event "28th WSCC Open 65 2018"]
[Site "Bled"]
[Date "2018.11.29"]
[Round "11"]
[White "Privara, Igor"]
[Black "Wahlbom, Magnus"]
[Result "0-1"]
[ECO "C25"]
[WhiteElo "2207"]
[BlackElo "2173"]
[Annotator "NA RC"]
[PlyCount "98"]
[EventDate "2018.11.17"]
[EventType "swiss"]
[EventCountry "SLO"]
[SourceTitle "playchess.com"]
[Source "ChessBase"]
[SourceQuality "1"]
[TimeControl "40/5400+30:1800+30"]

1. e4 e5 2. Nc3 Nc6 3. g3 g6 4. Bg2 Bg7 5. d3 Nge7 {C25: Vienna Game: Alternatives to 2...Nf6} 6. f4 d6 7. Nf3 f5 (7... Nd4 8. O-O Bg4 9. Be3 c5 10. Qd2 O-O 11. Nh4 exf4 12. Bxf4 Qd7 13. Rf2 Rae8 14. Bh6 Bxh6 15. Qxh6 b5 16. h3 Be6 17. Raf1 Qd8 18. Nb1 d5 19. Nd2 dxe4 20. Nxe4 Nef5 21. Rxf5 Nxf5 22. Rxf5 {1-0 (46) Adhiban,B (2653)-Andreikin,D (2736) Wijk aan Zee 2017}) 8. O-O O-O 9. Nd5 h6 10. Be3 $146 ({Predecessor:} 10. c4 Be6 11. Rb1 Qd7 12. Qa4 Rae8 13. Bd2 Nc8 14. Nh4 Qf7 15. exf5 gxf5 16. Bc3 {0-1 (42) Auchenberg,P (2225)-Krnic,Z (2390) Copenhagen 1979}) 10... exf4 11. Bxf4 g5 {[#]} (11... Nxd5 $11 {keeps the balance.} 12. exd5 Ne7) 12. Be3 (12. Nxg5 $1 $16 hxg5 13. Bxg5) 12... fxe4 13. dxe4 Bg4 14. Qd2 Bxf3 15. Bxf3 Qd7 16. c3 Kh8 17. Bxg5 hxg5 18. Qxg5 Qe6 19. Nxc7 $18 {Double Attack} Qh6 20. Qxh6+ Bxh6 21. Nxa8 Rxa8 22. Rad1 Rd8 23. Bg4 Ne5 24. Be6 a5 25. Kg2 Be3 26. Rfe1 Bc5 27. Re2 b6 28. Rb1 N5c6 29. h4 Ng6 30. a3 a4 31. Bc4 Nge5 32. Bb5 Ra8 33. Rf1 Kg7 34. Ree1 Nd8 35. Rf5 Ra5 36. Be8 Nc4 37. Rg5+ Kf8 38. Bd7 Nf7 39. Rg6 Nce5 40. Bf5 Nxg6 41. Bxg6 Ne5 42. Bh5 Rb5 43. Re2 Nc4 44. g4 Rxb2 45. g5 Bxa3 46. Kg3 Rxe2 47. Bxe2 b5 48. Kg4 Bc1 49. Bd1 Ne3+ 0-1

[Event "28th WSCC Open 65 2018"]
[Site "Bled"]
[Date "2018.11.29"]
[Round "11"]
[White "Haubt, Georg"]
[Black "Ackermann, Hans Werner"]
[Result "1-0"]
[ECO "B06"]
[WhiteElo "2136"]
[BlackElo "2272"]
[Annotator "NA RC"]
[PlyCount "122"]
[EventDate "2018.11.17"]
[EventType "swiss"]
[EventCountry "SLO"]
[SourceTitle "playchess.com"]
[Source "ChessBase"]
[SourceQuality "1"]
[TimeControl "40/5400+30:1800+30"]

1. e4 d6 2. d4 g6 3. Nc3 a6 4. a4 Bg7 5. Be3 Nd7 6. Qd2 b6 7. g3 {B06: Modern Defence} (7. f4 Bb7 8. Nf3 e6 9. Bd3 Ngf6 10. h3 c5 11. e5 cxd4 12. Bxd4 Nh5 13. Be4 d5 14. Bd3 Ng3 {½-½ (69) Khotenashvili,B (2484)-Paehtz,E (2468) Tbilisi 2018}) 7... Bb7 8. Bg2 c5 9. Nge2 cxd4 10. Nxd4 $146 ({Predecessor:} 10. Bxd4 Ngf6 11. Nd5 e5 12. Be3 Bxd5 13. exd5 O-O {1-0 (36) Sodoma,J (2348)-Michalek,J (2335) Czechia 2011}) 10... Ne5 11. Qe2 Rc8 12. Rd1 e6 13. O-O Ne7 14. f4 Nd7 15. Bh3 O-O {[#]} 16. f5 $2 (16. Nxe6 $1 $18 fxe6 17. Bxe6+ Kh8 18. Rxd6) 16... exf5 (16... gxf5 $14 17. Bg5 Rxc3 18. bxc3 Bxe4) 17. exf5 Rc7 ({Better is} 17... Qc7) 18. Bg5 Bxd4+ $2 (18... Be5 $16 19. Qg4 Qe8) 19. Rxd4 Ne5 $2 (19... f6) 20. Bf6 N7c6 21. Bxd8 Nxd4 22. Bxc7 Nxe2+ 23. Nxe2 Rc8 24. Bxd6 Nf3+ 25. Rxf3 Bxf3 26. Nd4 Rd8 27. Be5 Bd1 28. Bf1 Rd5 {[#]} 29. Nc6 $1 ({Worse is} 29. Bxa6 Rxe5 30. fxg6 hxg6 $11) 29... Kf8 30. fxg6 hxg6 31. c4 Rd2 32. Bc3 Rc2 33. Nd4 Rc1 34. a5 bxa5 35. Bxa5 Bg4 36. Kf2 Ke8 37. Bc3 Bc8 38. c5 Rd1 39. Bc4 Rh1 40. Nf3 Bb7 41. h4 f5 42. Ne5 f4 43. c6 Bc8 44. Nxg6 fxg3+ 45. Kg2 Rc1 46. h5 Bf5 47. Bd5 a5 48. Ne5 a4 49. Nc4 Ke7 50. Bb4+ Kf6 $18 51. Kxg3 Be6 52. Bxe6 Kxe6 53. Bc3 Rg1+ 54. Kf4 Rf1+ 55. Kg5 Rf5+ 56. Kg6 Rc5 57. Na3 Rxc6 58. h6 Rd6 59. h7 Rd1 60. h8=Q Rd8 61. Qf6+ Kd5 1-0

[Event "28th WSCC Open 65 2018"]
[Site "Bled"]
[Date "2018.11.29"]
[Round "11"]
[White "Gal, Moshe"]
[Black "Giffard, Nicolas"]
[Result "1/2-1/2"]
[ECO "D80"]
[WhiteElo "2116"]
[BlackElo "2249"]
[Annotator "RC"]
[PlyCount "71"]
[EventDate "2018.11.17"]
[EventType "swiss"]
[EventCountry "SLO"]
[SourceTitle "playchess.com"]
[Source "ChessBase"]
[SourceQuality "1"]
[TimeControl "40/5400+30:1800+30"]

1. Nf3 d5 2. e3 Nf6 3. c4 c6 4. Nc3 g6 5. cxd5 Nxd5 6. Bc4 Bg7 7. Qb3 e6 8. d4 O-O 9. O-O Nd7 10. Rd1 h6 11. e4 N5b6 12. Be2 Qe7 13. Be3 Nf6 14. h3 Rd8 15. a4 Nbd7 16. a5 a6 17. Rd2 Bf8 18. Rad1 Re8 19. Bc4 Qb4 20. Qa2 b5 21. Bf1 Bb7 22. e5 Nd5 23. Nxd5 exd5 24. Rc2 Bg7 25. Bd2 Qe7 26. b4 Nf8 27. Bd3 Ne6 28. Re1 Rac8 29. Qb2 Rc7 30. Qc1 Qf8 31. Bc3 Bc8 32. Rce2 Bd7 33. Bd2 Rcc8 34. Bb1 Rc7 35. Bc3 Rcc8 36. Bd2 1/2-1/2